Map: Dusk Towers

Players

Heretic - Winner!

  • Race: Zerg Zerg
  • League: Master

Miszu

  • Race: Terran Terran
  • League: Master

VOD

Have the link to the VOD?

Description

Time

  • Played on: March 10, 2016, 6:59 p.m.
  • Length: 4:44
Show
View Real Time Build Order
Export as new Build Order

Heretic Zerg - Winner!

Build Orders: Hatch First 

Get SALT Encoding   

  12  0:02  Drone  
  13  0:15  Overlord  
  13  0:18  Drone  
  14  0:33  Drone x2  
  16  0:37  Drone  
  17  0:54  Hatchery  
  16  0:57  Drone  
  17  1:08  Spawning Pool  
  16  1:12  Drone  
  16  1:16  Drone  
  16  1:17  Extractor  
  17  1:20  Drone  
  18  1:35  Overlord  
  18  1:56  Zergling x4  
  18  1:58  Queen  
  22  2:03  Zergling x2  
  22  2:08  Drone  
  24  2:15  Drone  
  25  2:17  Drone  
  25  2:19  Metabolic Boost  
  26  2:25  Queen, Drone  
  30  2:30  Drone  
  30  2:39  Overlord  
  30  2:45  Baneling Nest  
  30  2:48  Zergling x4  
  32  2:51  Zergling x2  
  32  2:56  Zergling x2  
  33  3:03  Zergling x2  
  33  3:08  Zergling x6  
  33  3:10  Zergling x2  
  37  3:14  Overlord  
  37  3:21  Zergling x4  
  39  3:31  Baneling x2  
  39  3:32  Zergling x4, Baneling x3  
  41  3:40  Zergling x2  
  41  3:41  Zergling x10  
  45  3:56  Zergling x4  
  45  3:57  Zergling x2  
  45  3:58  Baneling  
  44  4:03  Zergling x2  
  44  4:09  Drone  
  42  4:10  Drone  
  42  4:11  Drone x2  
  42  4:18  Zergling x8  
  42  4:23  Drone  
  44  4:25  Drone  
Show
View Real Time Build Order
Export as new Build Order

Miszu Terran 

Build Orders: Reaper Expand 

Get SALT Encoding   

  12  0:00  SCV  
  13  0:12  SCV  
  14  0:18  Supply Depot  
  14  0:24  SCV  
  15  0:40  SCV  
  15  0:41  Barracks  
  16  0:45  Refinery  
  16  0:52  SCV  
  17  1:04  SCV  
  18  1:19  SCV  
  19  1:31  Orbital Command  
  19  1:32  Reaper  
  20  1:40  Command Center  
  20  1:50  Supply Depot  
  20  1:57  Refinery, SCV  
  21  2:05  Barracks Reactor  
  21  2:09  SCV  
  22  2:21  Factory, SCV  
  23  2:33  SCV  
  24  2:45  SCV  
  25  2:53  Orbital Command  
  25  2:55  Marine x2  
  25  2:58  SCV  
  28  3:09  Starport  
  28  3:10  SCV  
  29  3:13  Marine, Factory Tech Lab  
  29  3:14  Marine  
  29  3:18  SCV  
  32  3:22  SCV  
  33  3:30  SCV  
  33  3:32  Siege Tank  
  38  3:34  SCV  
  38  3:39  Bunker  
  37  3:41  Engineering Bay  
  37  3:42  Supply Depot  
  37  3:47  Supply Depot  
  37  3:48  Medivac  
  37  3:50  Supply Depot, Marine  
  35  4:08  Marine  
  17  4:26  Marine  
  17  4:30  Supply Depot  
  17  4:32  SCV  
Tags
 
Add a new tag
Caveats
  • Supply blocks, unpowered buildings, or Contaminate may cause inaccurate times.
  • Supply counts are checked every 10 seconds.